 Dungeon Crawl Stone Soup version 0.20-a0-2-g2b0e13a (webtiles) character file.

249 JeffiDaFish the Skirmisher (level 6, -6/41 HPs)
             Began as a Gargoyle Fighter on Oct 30, 2016.
             Was an Initiate of Makhleb.
             Mangled by an ogre
             ... wielding a +0 giant spiked club
              (13 damage)
             ... on level 3 of the Dungeon.
             The game lasted 00:10:12 (3431 turns).

JeffiDaFish the Skirmisher (Gargoyle Fighter)       Turns: 3431, Time: 00:10:13

Health: -6/41      AC: 14    Str: 26    XL:     6   Next: 12%
Magic:  6/6        EV:  7    Int:  9    God:    Makhleb [......]
Gold:   133        SH: 10    Dex:  9    Spells: 0 memorised, 5 levels left

rFire  . . .     SeeInvis .     a - +0 flail
rCold  . . .     Gourm    .     b - +0 scale mail
rNeg   + . .     Faith    .     c - +0 shield
rPois  ∞         Spirit   .     (no helmet)
rElec  +         Reflect  .     (no cloak)
rCorr  .         Harm     .     (no gloves)
MR     .....     Rnd*Tele +     (no boots)
Stlth  ..........               (no amulet)
                                g - +3 ring of protection
                                e - ring of teleportation

@: mighty, very slightly contaminated
A: negative energy resistance 1, electricity resistance, unbreathing,
petrification resistance, rot immunity, AC +4
a: Renounce Religion


You were on level 3 of the Dungeon.
You worshipped Makhleb.
Makhleb was noncommittal.
You were not hungry.

You visited 1 branch of the dungeon, and saw 4 of its levels.

You collected 133 gold pieces.

Inventory:

Hand Weapons
 a - a +0 flail (weapon)
Armour
 b - a +0 scale mail (worn)
 c - a +0 shield (worn)
Jewellery
 e - a ring of teleportation (left hand)
 g - a +3 ring of protection (right hand)
Scrolls
 l - a scroll of magic mapping
Potions
 i - a potion of invisibility
 j - a potion of heal wounds
Comestibles
 f - 2 bread rations
 h - a beef jerky


   Skills:
 + Level 5.9 Fighting
 - Level 3.3 Maces & Flails
 - Level 3.5 Armour
 - Level 0.2 Dodging
 - Level 4.1 Shields


You had 5 spell levels left.
You didn't know any spells.

Dungeon Overview and Level Annotations

Branches:
Dungeon (4/15)
 Temple: D:4-7

Altars:
Dithmenos
Makhleb
Trog


Innate Abilities, Weirdness & Mutations

You are resistant to torment.
Your stone body is resilient. (AC +4)
You are immune to poison.
You resist negative energy. (rN+)
You are resistant to electric shocks. (rElec)
You can survive without breathing.
You are immune to petrification.
You are immune to rotting.


Message History

The ogre is moderately wounded.
The ogre hits you with a giant spiked club!
* * * LOW HITPOINT WARNING * * *
You are too injured to fight recklessly!
You fade into invisibility!
You block the ogre's attack.
You are very lightly contaminated with residual magic.
You see here 22 stones.
You see here a short sword.
The ogre hits you but does no damage.
You flicker for a moment.
You flicker back into view.
You feel very mighty all of a sudden. The ogre closely misses you.
You are too injured to fight recklessly!
You are too injured to fight recklessly!
You sock the ogre!
The ogre is severely wounded.
The ogre hits you with a giant spiked club!
You die...

#### #.# #.# ...# #.# #.#
##.# #.# #.# #.# #.# #.#
#.# #)######## #.# #.#
#....rO..# #.# #.#
########r## #.# ##.##
##O#.###.# ....#
##@###.##.# ....# #.##
##.#># ##..# ##.###.##.#
##..#############.#.###.#
........................#
....###############.#####
.#### ############.# ##
#...÷........# #
#.############


You could see an ogre and a rat.

Vanquished Creatures
  A scorpion (D:3)
  A hound (D:4)
  A hound skeleton (D:4)
  3 gnolls (D:3)
  5 adders
  2 worms
  3 dart slugs (D:2)
  8 bats
  5 giant cockroaches
  8 goblins
  8 hobgoblins
  6 jackals (D:1)
  A quokka (D:3)
  2 ball pythons
  3 frilled lizards
  11 kobolds
  3 rats
71 creatures vanquished.

Notes
Turn   | Place    | Note
-------+----------+-------------------------------------------
     0 | D:1      | JeffiDaFish the Gargoyle Fighter began the quest for the Orb.
     0 | D:1      | Reached XP level 1. HP: 14/14 MP: 1/1
   280 | D:1      | Reached XP level 2. HP: 15/19 MP: 2/2
   697 | D:1      | Reached XP level 3. HP: 13/23 MP: 3/3
  1214 | D:2      | Found a shadowy altar of Dithmenos.
  1404 | D:2      | Reached XP level 4. HP: 14/28 MP: 4/4
  2052 | D:3      | Reached skill level 4 in Fighting
  2093 | D:3      | Reached XP level 5. HP: 12/34 MP: 5/5
  2689 | D:3      | Found a burning altar of Makhleb.
  2724 | D:3      | Found a bloodstained altar of Trog.
  2761 | D:3      | Became a worshipper of Makhleb the Destroyer
  2959 | D:4      | Reached skill level 5 in Fighting
  3112 | D:4      | Noticed an ogre
  3391 | D:3      | Reached XP level 6. HP: 32/41 MP: 6/6
  3394 | D:3      | HP: 2/41 [ogre/giant spiked club (15)]
  3431 | D:3      | Mangled by an ogre

Vault maps used:
D:1:      dpeg_arrival_short_road
D:2:      overflow_temple_1_default, first_bread
D:3:      marbit_many_paths, lightli_temple_of_fire
D:4:      nicolae_overflow_crystal_walls, serial_shops, shop_statue

Skill      XL: |  1  2  3  4  5 |
---------------+----------------+-----
Maces & Flails | 3 |  3.3
Shields        | 4 |  4.1
Fighting       | 4 5 |  5.9
Armour         | |  3.5
Dodging        | |  0.2

Action                   |  1- 3 |  4- 6 || total
-------------------------+-------+-------++-------
Melee: Flail             |   152 |   147 ||   299
  Use: Scroll            |     4 |     4 ||     8
       Potion            |     4 |     4 ||     8
  Eat: Chunk             |     2 |     3 ||     5
       Bread ration      |       |     1 ||     1
Armor: Scale mail        |   101 |    78 ||   179
Dodge: Dodged            |    56 |    46 ||   102
Block: Shield            |    89 |    84 ||   173
